 Dungeon Crawl Stone Soup version 0.31-a0-152-g6aa68a64a1 (webtiles) character file.

Game seed: 10848187935924940027

495 gruber the Ruffian (level 6, 0/61 HPs)
             Began as a Troll Fighter on June 10, 2023.
             Succumbed to Crazy Yiuf's poison
             ... on level 4 of the Dungeon.
             The game lasted 00:02:15 (2571 turns).

gruber the Ruffian (Troll Fighter)                  Turns: 2571, Time: 00:02:15

Health: 0/61       AC:  4    Str: 25    XL:     6   Next: 92%
Magic:  1/5        EV:  8    Int: 12    God:
Gold:   244        SH:  8    Dex:  9    Spells: 5/5 levels left

rFire   . .          .
                       - Unarmed
rCold   . . .        b - +0 kite shield
rNeg    . . .        a - +0 robe
rPois   .            (helmet restricted)
rElec   .            (no cloak)
rCorr   .            (gloves unavailable)
SInv    .            (boots unavailable)
Will    .....        j - amulet of guardian spirit
Stlth   +            i - +6 ring of intelligence
HPRegen 1.10/turn    (no ring)
MPRegen 0.09/turn

%: guardian spirit
@: mighty, lethally poisoned (0 -> -5), slowed, very slow
A: large, unfitting armour, claws 3, regeneration 1, shaggy fur 1, tough skin 1
a: no special abilities


You were on level 4 of the Dungeon.
You visited 1 branch of the dungeon, and saw 4 of its levels.

You collected 244 gold pieces.

Inventory:

Armour
 a - a +0 robe (worn)
 b - a +0 kite shield (worn)
Jewellery
 i - a +6 ring of intelligence (left claw)
 j - an amulet of guardian spirit (around neck)
 u - a ring of ice
Wands
 q - a wand of flame (15)
 r - a wand of iceblast (7)
 x - a wand of charming (7)
Scrolls
 e - a scroll of vulnerability {unknown}
 f - a scroll of acquirement {unknown}
 g - a scroll of summoning {unknown}
 h - 5 scrolls of identify {unknown}
 l - a scroll of enchant armour {unknown}
 m - 2 scrolls of amnesia {unknown}
 o - a scroll of noise {unknown}
 p - a scroll of enchant weapon {unknown}
Potions
 c - 3 potions of might
 d - 2 potions of degeneration {unknown}
 k - a potion of curing {unknown}
 n - a potion of enlightenment {unknown}
 s - a potion of ambrosia {unknown}
 t - a potion of haste {unknown}
 v - a potion of heal wounds {unknown}
 w - a potion of attraction {unknown}


   Skills:
 + Level 3.1 Fighting
 - Level 2.4 Dodging
 + Level 3.9 Shields
 * Level 6.4 Unarmed Combat


You had 5 spell levels left.
You didn't know any spells.
Your spell library contained the following spells:

 Spells                   Type           Power      Damage    Failure   Level
 Freeze                   Ice            0%         1d3       56%         1
 Sandblast                Erth           0%         2d4       56%         1
 Passwall                 Tmut/Erth      0%         N/A       71%         2
 Call Canine Familiar     Summ           0%         N/A       90%         3
 Frozen Ramparts          Ice            0%         1d1       90%         3
 Hailstorm                Conj/Ice       0%         3d3       90%         3
 Ignite Poison            Fire/Tmut/Pois 0%         N/A       90%         3
 Portal Projectile        Hex/Tloc       0%         N/A       90%         3
 Stone Arrow              Conj/Erth      0%         3d7       90%         3
 Leda's Liquefaction      Hex/Erth       0%         N/A       100%        4
 Sticky Flame             Conj/Fire      0%         2d3       100%        4
 Ignition                 Fire           0%         3d3       100%        8


Dungeon Overview and Level Annotations

Branches:
Dungeon (4/15)
 Temple: D:4-7

Altars:
Dithmenos
Uskayaw
The Shining One

Annotations:
D:3 3 runed translucent doors, Takeo's ghost, amateur TrFi


Innate Abilities, Weirdness & Mutations

You are too large for most types of armour.
You have claws for hands.
Your natural rate of healing is unusually fast.
You are covered in fur. (AC +1)
You have tough skin. (AC +1)


Message History

Crazy Yiuf shouts!
Key pressed, stopping explore.
Crazy Yiuf says, "Ghoul!"
Could not explore, unopened runed door.
No reachable target in view!
Could not explore, unopened runed door.
No reachable target in view!
No reachable target in view!
Could not explore, unopened runed door.
You open the door. You claw Crazy Yiuf!
Crazy Yiuf is almost dead.
Crazy Yiuf flaps his cloak.
Crazy Yiuf hits you with a +4 quarterstaff of chaos!
You feel yourself slow down.
You scratch Crazy Yiuf but do no damage.
Crazy Yiuf is almost dead.
You block Crazy Yiuf's attack.
You closely miss Crazy Yiuf.
Crazy Yiuf is almost dead.
Crazy Yiuf hits you with a +4 quarterstaff of chaos.
You are electrocuted!!
Crazy Yiuf hits you with a +4 quarterstaff of chaos!
You feel very mighty all of a sudden.
You barely miss Crazy Yiuf.
Crazy Yiuf is almost dead.
Crazy Yiuf hits you with a +4 quarterstaff of chaos!
* * * LOW HITPOINT WARNING * * *
You are poisoned.
Unknown command.
You closely miss Crazy Yiuf.
Crazy Yiuf is almost dead.
You feel very sick.
Crazy Yiuf yells, "Seed turtle return to song!"
Crazy Yiuf hits you with a +4 quarterstaff of chaos!
* * * LOW HITPOINT WARNING * * *
You resist with some effort. You block Crazy Yiuf's attack.
You mangle Crazy Yiuf!!
You kill Crazy Yiuf!
You die...

# ##.##
#.............###.##
# ##.#.##
##.#.#######......#
# #...#.# #..##
#..##### ### ##..###
#### #..## ..# #..#
#...# #.# #).#
#...##### #.# #).#
### ♣♣##........ #.#
#.)# #)..#♣♣
♣♣..+...#####
#†#####..#
#...)@♣♣♣♣.......#
#.......##
#...#♣..♣.......##
######### ###
♣♣♣.♣...+..#
♣♣♣♣♣#####


There were no monsters in sight!

Vanquished Creatures
  A wyvern (D:4)
  A scorpion (D:4)
  A hound (D:4)
  Crazy Yiuf (D:4)
  A sleepcap (D:3)
  2 iguanas
  An orc wizard (D:4)
  Ijyb (D:4)
  4 adders
  2 worms
  4 dart slugs
  10 orcs (D:4)
  7 bats
  11 endoplasms
  3 giant cockroaches
  3 goblins
  8 hobgoblins
  3 jackals (D:2)
  7 quokkas
  4 ball pythons
  A frilled lizard (D:3)
  8 kobolds
  3 rats
87 creatures vanquished.

Notes
Turn   | Place    | Note
-------+----------+-------------------------------------------
     0 | D:1      | gruber the Troll Fighter began the quest for the Orb.
     0 | D:1      | Reached XP level 1. HP: 22/22 MP: 0/0
    59 | D:1      | Reached XP level 2. HP: 29/29 MP: 1/1
   611 | D:2      | Reached XP level 3. HP: 36/36 MP: 2/2
   650 | D:2      | Reached skill level 3 in Unarmed Combat
   767 | D:2      | Found a hide-covered altar of Uskayaw.
   777 | D:2      | Reached XP level 4. HP: 44/44 MP: 3/3
  1413 | D:3      | Found a glowing golden altar of the Shining One.
  1433 | D:3      | Reached skill level 4 in Unarmed Combat
  1440 | D:3      | Found a runed translucent gate.
  1440 | D:3      | Found a runed translucent gate.
  1443 | D:3      | Noticed Takeo's ghost (amateur TrFi)
  1510 | D:3      | Found a runed translucent gate.
  1545 | D:3      | Found a shadowy altar of Dithmenos.
  1558 | D:3      | Reached XP level 5. HP: 47/53 MP: 4/4
  1867 | D:4      | Noticed a wyvern
  1878 | D:4      | Killed a wyvern
  1879 | D:4      | Reached skill level 5 in Unarmed Combat
  1879 | D:4      | Reached XP level 6. HP: 41/61 MP: 0/5
  2103 | D:4      | Reached skill level 6 in Unarmed Combat
  2118 | D:4      | Found a runed translucent door.
  2119 | D:4      | Noticed Crazy Yiuf
  2304 | D:4      | Noticed Ijyb
  2308 | D:4      | Killed Ijyb
  2570 | D:4      | HP: 2/61 [Crazy Yiuf/+4 quarterstaff of chaos (12)]
  2571 | D:4      | Killed Crazy Yiuf
  2571 | D:4      | Succumbed to Crazy Yiuf's poison

Illustrated notes

Levels and vault maps discovered:
D:1:      pf_arrival_petrified_forest, layout_rooms, hex_tiny
D:2:      layout_basic, basic_altar, minmay_misc_feat_more_columns
D:3:      layout_rooms, mainiacjoe_overflow_large_starburst,
          gammafunk_ghost_split, minmay_misc_feat_iff
D:4:      layout_loops_ring, uniq_crazy_yiuf_cottage, uniq_ijyb

Skill      XL: |  1  2  3  4  5  6 |
---------------+-------------------+-----
Shields        | 3 |  3.9
Unarmed Combat | 3 4 5 6 |  6.4
Fighting       | 3 |  3.1
Dodging        | |  2.4

Action                     |  1- 3 |  4- 6 || total
---------------------------+-------+-------++-------
  Melee: Unarmed           |   118 |   151 ||   269
 Armour: Robe              |    52 |    33 ||    85
  Dodge: Dodged            |    36 |    46 ||    82
  Block: Kite shield       |    49 |    56 ||   105

Table legend: (Time is in decaauts)
 A = Elapsed time spent in this place.
 B = Non-inter-level travel time spent in this place.
 C = Inter-level travel time spent in this place.
 D = Time resting spent in this place.
 E = Time spent auto-exploring this place.
 F = Levels seen in this place.
 G = Mean time per level.
                   A        B        C        D        E       F      G
               +--------+--------+--------+--------+--------+-----+--------+
         Total |   2584 |   2504 |     80 |      0 |   1923 |   4 |  646.0 |
       Dungeon |   2584 |   2504 |     80 |      0 |   1923 |   4 |  646.0 |
               +--------+--------+--------+--------+--------+-----+--------+

Top non-repeatable levels by time:
     D:4: 834 daAuts
     D:2: 786 daAuts
     D:3: 506 daAuts
     D:1: 456 daAuts
